 Dungeon Crawl Stone Soup version 0.27-a0-1334-g2746e35aca (webtiles) character file.

Game seed: 12624544311485951131

247 Delamore the Sneak (level 6, -10/42 HPs)
             Began as an Octopode Brigand on June 26, 2021.
             Mangled by an orc (20 damage)
             ... on level 4 of the Dungeon.
             The game lasted 00:02:23 (3616 turns).

Delamore the Sneak (Octopode Brigand)               Turns: 3616, Time: 00:02:23

Health: -10/42     AC:  1    Str: 10    XL:     6   Next: 11%
Magic:  6/6        EV: 13    Int: 13    God:
Gold:   166        SH:  0    Dex: 16    Spells: 5/5 levels left

rFire    . . .     SeeInvis .   a - +2 dagger
rCold    . . .     Faith    .   (no shield)
rNeg     . . .     Spirit   .   (helmet restricted)
rPois    .         Reflect  .   (no amulet)
rElec    .         Harm     .   (no ring)
rCorr    .         Rampage  .   (no ring)
Will     .....                  (no ring)
Stlth    ++++......             (no ring)
HPRegen  0.14/turn              (no ring)
MPRegen  0.10/turn              (no ring)
                                (no ring)
                                (no ring)

@: no status effects
A: almost no armour, amphibious, 8 rings, camouflage 1, gelatinous body 1,
(nimble swimmer 1), tentacles
a: no special abilities


You were on level 4 of the Dungeon.
You visited 1 branch of the dungeon, and saw 4 of its levels.

You collected 166 gold pieces.

Inventory:

Hand Weapons
 a - a +2 dagger (weapon)
Missiles
 b - 24 poisoned darts (quivered)
 c - 2 curare-tipped darts
Jewellery
 j - an amulet of regeneration
Wands
 n - a wand of mindburst (8)
Scrolls
 d - 2 scrolls of summoning {unknown}
 f - a scroll of teleportation {unknown}
 g - 2 scrolls of magic mapping {unknown}
 i - 3 scrolls of identify {unknown}
 l - a scroll of fear {unknown}
 m - a scroll of brand weapon {unknown}
Potions
 e - a potion of ambrosia {unknown}
 h - 2 potions of magic {unknown}
 k - a potion of curing {unknown}


   Skills:
 + Level 3.4 Fighting
 * Level 4.5 Short Blades
 - Level 2.0 Throwing
 - Level 1.0 Dodging
 + Level 6.8 Stealth


You had 5 spell levels left.
You didn't know any spells.
Your spell library was empty.

Dungeon Overview and Level Annotations

Branches:
Dungeon (4/15)
 Temple: D:4-7

Altars:
Cheibriados

Shops:
D:2 [   D:3 [


Innate Abilities, Weirdness & Mutations

You cannot wear most types of armour.
You are amphibious.
You can wear up to eight rings at the same time.
Your skin changes colour to match your surroundings (Stealth+).
Your rubbery body absorbs attacks. (AC +1, EV +1)
((You are camouflaged near water. (Stealth+)))
You have tentacles for arms and can constrict up to eight enemies at once.


Message History

Done exploring.
Done exploring.
Done exploring.
Search for what [Enter for "short", or ? for help]? short
There is a stone staircase leading down here.
You climb downwards. 2 orcs, 2 orc priests and an orc wizard come into view.
An orc is wielding a +2 whip of electrocution.
Found a falchion.
There is a stone staircase leading up here.
Okay, then.
The helpless orc priest fails to defend itself.
You perforate the orc priest like a sieve!!!
You kill the orc priest!
You have reached level 6!
Your experience leads to an increase in your attributes!
Increase (S)trength, (I)ntelligence, or (D)exterity?
You feel agile.
A bullfrog skeleton comes into view.
A gnoll comes into view. It is wielding a +0 club.
The orc priest shouts!
The orc shouts!
The orc wizard shouts!
The gnoll shouts!
You hear a shout!
The orc closely misses you.
The orc priest hits you with a +0 hand axe.
You hit the orc priest. Your grab misses the orc priest.
The orc priest is moderately wounded.
The orc barely misses you.
The orc priest begins to cast a cantrip, but forgets the words!
A gnoll comes into view. It is wielding a +0 flail.
The orc wizard hits you with a +0 dagger.
The orc hits you with a +2 whip of electrocution!
You are electrocuted!
There is a stone staircase leading up, spattered with blood here.
The orc priest looks satisfied for a moment.
The orc wizard casts a spell at you. The magic dart hits you.
The orc hits you with a +2 whip of electrocution.
* * * LOW HITPOINT WARNING * * *
You are electrocuted!!
You die...

. ## ..
#.#####
...##.#...#
.......o@)#
...#..ooo#
#....##
#...Z#
#g.)..#
#.......#
#.........
g.....##..#
#.......
###


You could see an orc priest, an orc wizard, 2 gnolls, 2 orcs and a bullfrog
skeleton.

Vanquished Creatures
  An ogre (D:2)
  An orc priest (D:4)
  6 adders
  2 dart slugs
  4 worms
  4 orcs (D:3)
  7 endoplasms
  A giant cockroach (D:3)
  10 hobgoblins
  3 jackals (D:1)
  A quokka (D:1)
  5 ball pythons
  8 bats
  8 frilled lizards
  3 kobolds
  4 rats
68 creatures vanquished.

Vanquished Creatures (others)
  A plant (D:2)
1 creature vanquished.

Grand Total: 69 creatures vanquished

Notes
Turn   | Place    | Note
-------+----------+-------------------------------------------
     0 | D:1      | Delamore the Octopode Brigand began the quest for the Orb.
     0 | D:1      | Reached XP level 1. HP: 14/14 MP: 1/1
   230 | D:1      | Reached XP level 2. HP: 6/19 MP: 2/2
  1382 | D:2      | Reached XP level 3. HP: 25/25 MP: 3/3
  1522 | D:2      | Found a faded altar of an unknown god.
  1639 | D:2      | Noticed an ogre
  1645 | D:2      | Reached skill level 6 in Stealth
  1645 | D:2      | Reached XP level 4. HP: 17/30 MP: 4/4
  1925 | D:2      | Found a snail-covered altar of Cheibriados.
  1934 | D:2      | Killed an ogre
  1935 | D:2      | Reached XP level 5. HP: 36/36 MP: 5/5
  2439 | D:2      | Found Ceur's Armour Shoppe.
  3291 | D:3      | Found Qyuvebuw's Antique Armour Shoppe.
  3611 | D:4      | Reached XP level 6. HP: 42/42 MP: 6/6
  3616 | D:4      | Mangled by an orc

Illustrated notes

Levels and vault maps discovered:
D:1:      sevenhm_arrival_forest_fort_large_3, layout_basic, minmay_lizard_pond
D:2:      layout_loops_ring, serial_shops, nicolae_shop_trees,
          chequers_ecumenical_altar_lobes, basic_altar
D:3:      layout_basic, serial_shops, nicolae_shop_behind_doors,
          serial_park_tiny_pond
D:4:      layout_cave_pools, amcnicky_altar_gilded, ebering_ghost_sewer_d

Skill      XL: |  1  2  3  4 |
---------------+-------------+-----
Short Blades   | 3 4 |  4.5
Stealth        | 6 |  6.8
Fighting       | 3 |  3.4
Throwing       | |  2.0
Dodging        | |  1.0

Action                   |  1- 3 |  4- 6 || total
-------------------------+-------+-------++-------
Melee: Dagger            |    56 |    74 ||   130
       Constrict         |    11 |    16 ||    27
       Tentacles         |    11 |    10 ||    21
Throw: Dart              |       |     5 ||     5
 Stab: Sleeping          |    11 |    12 ||    23
Armor: Skin              |     6 |     4 ||    10
Dodge: Dodged            |    18 |    28 ||    46

Table legend: (Time is in decaauts)
 A = Elapsed time spent in this place.
 B = Non-inter-level travel time spent in this place.
 C = Inter-level travel time spent in this place.
 D = Time resting spent in this place.
 E = Time spent auto-exploring this place.
 F = Levels seen in this place.
 G = Mean time per level.
                   A        B        C        D        E       F      G
               +--------+--------+--------+--------+--------+-----+--------+
         Total |   3593 |   3466 |    127 |    402 |   2657 |   4 |  898.2 |
       Dungeon |   3593 |   3466 |    127 |    402 |   2657 |   4 |  898.2 |
               +--------+--------+--------+--------+--------+-----+--------+

Top non-repeatable levels by time:
     D:1: 1570 daAuts
     D:2: 1082 daAuts
     D:3: 933 daAuts
     D:4: 6 daAuts
